New York Rangers vs Washington Capitals
Created - Saturday, March 1, 2025 at 10:11
Goals
|
| New York Rangers |
1 |
1 |
1 |
3 |
| Washington Capitals |
1 |
3 |
0 |
4 |
|
Shots
|
| New York Rangers |
10 |
14 |
14 |
38 |
| Washington Capitals |
9 |
13 |
12 |
34 |
|
1st period
1. New York Rangers , Joe Pavelski 6 (Teuvo Teravainen 5, Cam Fowler 6) at 9:21
2. Washington Capitals , Jordan Kyrou 10 (Nick Foligno 9, Thomas Harley 6) at 17:22
Penalties :
Jake Walman (NYR) for Holding (Minor) at 10:15, Brad Marchand (WSH) for Holding (Minor) at 19:09
2nd period
3. Washington Capitals , Nick Jensen 2 (Alex Ovechkin 7, Nico Hischier 13) at 1:51 (PP)
4. Washington Capitals , Nico Hischier 13 (Brad Marchand 12, Jason Robertson 16) at 6:40 (PP)
5. Washington Capitals , Yegor Chinakhov 3 (Michael McLeod 2, Ian Cole 3) at 11:43
6. New York Rangers , Conor Garland 2 (Cam Fowler 7, Marcus Foligno 2) at 12:43
Penalties :
Jake Walman (NYR) for Holding (Minor) at 1:04, Ian Cole (WSH) for Interference (Minor) at 3:56, Marcus Foligno (NYR) for Roughing (Minor) at 6:02, Jason Robertson (WSH) for Slashing (Minor) at 7:15
3rd period
7. New York Rangers , Mikael Granlund 10 (Joe Pavelski 11) at 10:59
Penalties :
Brad Marchand (WSH) for Slashing (Minor) at 6:32, Dylan Strome (NYR) for Delaying the game (Minor) at 16:12
Goalie Stats
Kevin Lankinen (NYR), 30 saves from 34 shots - (0.882), L, 1-2-0, 58:48 minutes
Jake Oettinger (WSH), 35 saves from 38 shots - (0.921), W, 10-4-0, 60:00 minutes
Players Stats for New York Rangers
Player Name G A P +/- PIM S H SB GA TA FO MP PP MP PK MP
------------------------------------------------------------------------------------
Adam Larsson 0 0 0 0 0 0 2 1 0 2 0/0 22:13 0:00 3:26
Artemi Panarin 0 0 0 -1 0 3 3 1 0 1 0/2 19:47 4:33 0:43
Brendan Smith 0 0 0 0 0 1 1 1 0 1 0/0 13:19 0:03 2:19
Cam Fowler 0 2 2 0 0 2 0 2 0 0 0/0 24:50 3:01 3:11
Cole Caufield 0 0 0 -1 0 4 2 0 1 0 0/1 17:16 4:33 0:07
Conor Garland 1 0 1 1 0 1 0 0 1 0 0/1 7:53 0:03 0:00
David Kampf 0 0 0 1 0 1 0 0 0 0 4/7 9:53 0:00 2:11
Dylan Strome 0 0 0 -1 2 2 1 0 0 0 9/17 16:31 3:16 0:00
Jake McCabe 0 0 0 1 0 0 1 3 0 1 0/0 17:05 0:00 0:43
Jake Walman 0 0 0 1 4 2 1 2 0 0 0/0 23:16 4:50 0:36
Joe Pavelski 1 1 2 2 0 4 0 0 0 0 1/1 14:36 3:16 0:00
Marcus Foligno 0 1 1 1 2 1 1 1 0 0 0/0 9:35 0:00 1:54
Mathew Barzal 0 0 0 -1 0 3 2 0 3 1 2/3 20:09 4:54 0:00
Matthew Benning 0 0 0 0 0 0 2 0 0 1 0/0 11:11 0:00 0:23
Mikael Granlund 1 0 1 2 0 8 0 1 0 0 6/8 16:46 3:01 2:18
Nathan MacKinnon 0 0 0 -1 0 2 2 0 0 1 16/27 19:47 4:33 0:43
Nikolaj Ehlers 0 0 0 -1 0 1 4 0 0 1 0/1 16:56 3:16 0:24
Teuvo Teravainen 0 1 1 2 0 3 1 1 0 0 0/0 13:30 0:00 2:18
Players Stats for Washington Capitals
Player Name G A P +/- PIM S H SB GA TA FO MP PP MP PK MP
------------------------------------------------------------------------------------
Alex Ovechkin 0 1 1 0 0 4 0 0 1 0 0/2 14:18 0:43 0:00
Brad Marchand 0 1 1 -1 4 5 3 0 1 0 2/2 19:27 2:53 2:02
Derek Forbort 0 0 0 1 0 0 1 0 0 0 0/0 17:50 0:00 3:41
Drake Batherson 0 0 0 -1 0 1 4 0 0 0 1/3 15:33 2:26 0:00
Fabian Zetterlund 0 0 0 -1 0 2 0 0 0 0 0/0 12:47 0:00 1:43
Ian Cole 0 1 1 0 2 0 1 3 0 0 0/0 15:59 0:00 2:57
Jamie Oleksiak 0 0 0 -2 0 2 1 0 0 1 0/0 27:19 2:40 4:01
Jason Robertson 0 1 1 0 2 0 2 0 2 0 0/1 15:42 2:10 0:00
John Carlson 0 0 0 -2 0 0 0 0 0 1 0/0 17:49 2:39 0:28
Jordan Kyrou 1 0 1 -1 0 5 0 0 1 0 0/3 13:03 2:26 0:00
Michael McLeod 0 1 1 1 0 0 1 0 0 1 3/5 10:51 0:00 3:30
Mikael Backlund 0 0 0 -1 0 1 1 1 0 0 11/24 18:47 0:00 3:52
Nick Foligno 0 1 1 -1 0 3 0 0 0 1 1/4 16:21 0:00 3:45
Nick Jensen 1 0 1 0 0 2 0 0 0 0 0/0 18:50 2:39 4:01
Nico Hischier 1 1 2 0 0 4 2 0 2 0 12/22 16:52 2:53 0:22
Owen Tippett 0 0 0 1 0 3 1 0 2 0 0/1 9:47 2:26 0:00
Thomas Harley 0 1 1 1 0 1 1 3 0 1 0/0 22:12 2:40 0:36
Yegor Chinakhov 1 0 1 1 0 1 0 0 0 0 0/1 8:33 0:00 0:30
3 Stars
1 - Joe Pavelski (NYR)
2 - Nico Hischier (WSH)
3 - Mikael Granlund (NYR)
Power Play
New York Rangers - 0 on 4 Attempt(s) - 0.00%
Washington Capitals - 2 on 4 Attempt(s) - 50.00%
Penalty Kill
New York Rangers - 2 on 4 Attempt(s) - 50.00%
- Score 0 goal in Penalty Kill
Washington Capitals - 4 on 4 Attempt(s) - 100.00%
- Score 0 goal in Penalty Kill
Team Stat
New York Rangers - Hits : 23 - Faceoff Wins : 38 - Blocked Shots : 13 - Penalty Minutes : 8
Washington Capitals - Hits : 18 - Faceoff Wins : 30 - Blocked Shots : 7 - Penalty Minutes : 8
Official
Referees : Kyle Rehman and Peter Macdougall
Linesman : Derek Nansen and Mark Shewchyk
Game Notes
No Game Note
Finance
Level 1 -- Attendance: 5858 (97.63%) -- Ticket Income $556,510
Level 2 -- Attendance: 4485 (89.70%) -- Ticket Income $246,675
Level 3 -- Attendance: 2936 (97.87%) -- Ticket Income $96,888
Level 4 -- Attendance: 4459 (89.18%) -- Ticket Income $98,098
Luxury Box -- Attendance: 1000 (100.00%) -- Ticket Income $195,000
Game was played at the Verizon Center.
Total Attendance: 18738 (93.69%)
Total Ticket Income: $1,193,171
Other Income: $417,610
Total Income: $1,610,781
New York Rangers
5 vs 5 Forward
Center Left Wing Right Wing Time % Phy DF OF
1 Nathan MacKinnon Artemi Panarin Mathew Barzal 30 1 2 2
2 Dylan Strome Cole Caufield Nikolaj Ehlers 30 1 2 2
3 Mikael Granlund Teuvo Teravainen Joe Pavelski 25 1 2 2
4 David Kampf Conor Garland Marcus Foligno 15 1 2 2
5 vs 5 Defense
Defense Defense Time % Phy DF OF
1 Cam Fowler Adam Larsson 40 1 2 2
2 Jake McCabe Jake Walman 35 1 2 2
3 Brendan Smith Matthew Benning 25 1 2 2
4 Cam Fowler Jake McCabe 0 1 2 2
PowerPlay Forward
Center Left Wing Right Wing Time % Phy DF OF
1 Nathan MacKinnon Artemi Panarin Cole Caufield 60 1 1 3
2 Dylan Strome Joe Pavelski Nikolaj Ehlers 40 1 1 3
PowerPlay Defense
Defense Defense Time % Phy DF OF
1 Jake Walman Mathew Barzal 60 1 1 3
2 Mikael Granlund Cam Fowler 40 1 1 3
Penalty Kill 4 Players Forward
Center Wing Time % Phy DF OF
1 David Kampf Marcus Foligno 50 1 2 2
2 Mikael Granlund Teuvo Teravainen 50 1 2 2
Penalty Kill 4 Players Defense
Defense Defense Time % Phy DF OF
1 Jake Walman Brendan Smith 50 1 2 2
2 Adam Larsson Cam Fowler 50 1 2 2
Penalty Kill - 3 Players Forward
Forward Time % Phy DF OF
1 David Kampf 50 1 2 2
2 Mikael Granlund 50 1 2 2
Penalty Kill - 3 Players Defense
Defense Defense Time % Phy DF OF
1 Jake Walman Brendan Smith 50 1 2 2
2 Adam Larsson Cam Fowler 50 1 2 2
4 vs 4 Forward
Center Wing Time % Phy DF OF
1 Nathan MacKinnon Artemi Panarin 50 1 2 2
2 Dylan Strome Cole Caufield 50 1 2 2
4 vs 4 Defense
Defense Defense Time % Phy DF OF
1 Jake Walman Jake McCabe 50 1 2 2
2 Adam Larsson Cam Fowler 50 1 2 2
Last Minutes Offensive
Center Left Wing Right Wing Defense Defense
Nathan MacKinnon Artemi Panarin Mathew Barzal Cam Fowler Jake Walman
Last Minutes Defensive
Center Left Wing Right Wing Defense Defense
David Kampf Mikael Granlund Marcus Foligno Jake Walman Brendan Smith
Goaltenders
Starting : Kevin Lankinen
Backup : Igor Shesterkin
Extra Forwards
Normal : Dylan Strome, Joe Pavelski, Nikolaj Ehlers - PP : Dylan Strome, Conor Garland - PK : Nikolaj Ehlers
Extra Defensemen
Normal : Brendan Smith, Jake Walman, Adam Larsson - PP : Brendan Smith - PK : Jake Walman, Adam Larsson
Penalty Shots
Artemi Panarin, Dylan Strome, Cole Caufield, Conor Garland, Nathan MacKinnon
Scratches
None
Washington Capitals
5 vs 5 Forward
Center Left Wing Right Wing Time % Phy DF OF
1 Nico Hischier Alex Ovechkin Jason Robertson 30 1 2 2
2 Mikael Backlund Brad Marchand Drake Batherson 30 1 2 2
3 Nick Foligno Jordan Kyrou Fabian Zetterlund 25 1 2 2
4 Michael McLeod Owen Tippett Yegor Chinakhov 15 1 2 2
5 vs 5 Defense
Defense Defense Time % Phy DF OF
1 John Carlson Jamie Oleksiak 30 1 2 2
2 Thomas Harley Derek Forbort 30 1 2 2
3 Ian Cole Nick Jensen 25 1 2 2
4 Thomas Harley Jamie Oleksiak 15 1 2 2
PowerPlay Forward
Center Left Wing Right Wing Time % Phy DF OF
1 Nico Hischier Brad Marchand Jason Robertson 50 1 2 2
2 Jordan Kyrou Owen Tippett Drake Batherson 50 1 2 2
PowerPlay Defense
Defense Defense Time % Phy DF OF
1 John Carlson Nick Jensen 50 1 2 2
2 Thomas Harley Jamie Oleksiak 50 1 2 2
Penalty Kill 4 Players Forward
Center Wing Time % Phy DF OF
1 Mikael Backlund Brad Marchand 50 1 2 2
2 Michael McLeod Nick Foligno 50 1 2 2
Penalty Kill 4 Players Defense
Defense Defense Time % Phy DF OF
1 Derek Forbort Jamie Oleksiak 50 1 2 2
2 Nick Jensen Ian Cole 50 1 2 2
Penalty Kill - 3 Players Forward
Forward Time % Phy DF OF
1 Mikael Backlund 50 1 2 2
2 Michael McLeod 50 1 2 2
Penalty Kill - 3 Players Defense
Defense Defense Time % Phy DF OF
1 Derek Forbort Jamie Oleksiak 50 1 2 2
2 Nick Jensen Ian Cole 50 1 2 2
4 vs 4 Forward
Center Wing Time % Phy DF OF
1 Nico Hischier Alex Ovechkin 50 1 2 2
2 Jordan Kyrou Jason Robertson 50 1 2 2
4 vs 4 Defense
Defense Defense Time % Phy DF OF
1 John Carlson Nick Jensen 50 1 2 2
2 Thomas Harley Jamie Oleksiak 50 1 2 2
Last Minutes Offensive
Center Left Wing Right Wing Defense Defense
Nico Hischier Brad Marchand Jason Robertson Nick Jensen Thomas Harley
Last Minutes Defensive
Center Left Wing Right Wing Defense Defense
Mikael Backlund Brad Marchand Nick Foligno Derek Forbort Jamie Oleksiak
Goaltenders
Starting : Jake Oettinger
Backup : Sergei Bobrovsky
Extra Forwards
Normal : Jordan Kyrou, Nick Foligno, Owen Tippett - PP : Drake Batherson, Owen Tippett - PK : Fabian Zetterlund
Extra Defensemen
Normal : Derek Forbort, Nick Jensen, Thomas Harley - PP : Derek Forbort - PK : Nick Jensen, Thomas Harley
Penalty Shots
Jason Robertson, Drake Batherson, Yegor Chinakhov, John Carlson, Jordan Kyrou
Scratches
Stefan Noesen (Healthy)
% Time on Ice - New York Rangers
Lines # - Real PCT - Wanted PCT - Time Play
Normal Forward
1 - 30% - 30% - 13:37
2 - 30% - 30% - 13:48
3 - 23% - 25% - 10:40
4 - 17% - 15% - 7:42
Normal Defense
1 - 42% - 40% - 19:24
2 - 35% - 35% - 16:12
3 - 22% - 25% - 10:03
4 - 0% - 0% - 0:08
PP Forward
1 - 58% - 60% - 4:36
2 - 42% - 40% - 3:16
PP Defense
1 - 62% - 60% - 4:51
2 - 38% - 40% - 3:01
PK Forward
1 - 55% - 50% - 2:54
2 - 45% - 50% - 2:25
PK Defense
1 - 45% - 50% - 2:24
2 - 55% - 50% - 2:55
PK3 Forward
1 - 0% - 50%
2 - 0% - 50%
PK3 Defense
1 - 0% - 50%
2 - 0% - 50%
44 Forward
1 - 100% - 50% - 0:04
2 - 0% - 50% - 0:00
44 Defense
1 - 100% - 50% - 0:04
2 - 0% - 50% - 0:00
Last Minute Offensive - 0:58
Last Minute Defensive - 0:00
Total
Forward - 60:00
Defense - 60:00
|
% Time on Ice - Washington Capitals
Lines # - Real PCT - Wanted PCT - Time Play
Normal Forward
1 - 30% - 30% - 13:41
2 - 30% - 30% - 13:33
3 - 24% - 25% - 10:56
4 - 16% - 15% - 7:21
Normal Defense
1 - 32% - 30% - 14:28
2 - 31% - 30% - 14:06
3 - 25% - 25% - 11:23
4 - 12% - 15% - 5:34
PP Forward
1 - 54% - 50% - 2:53
2 - 46% - 50% - 2:26
PP Defense
1 - 50% - 50% - 2:39
2 - 50% - 50% - 2:40
PK Forward
1 - 56% - 50% - 4:22
2 - 44% - 50% - 3:30
PK Defense
1 - 47% - 50% - 3:41
2 - 53% - 50% - 4:11
PK3 Forward
1 - 0% - 50%
2 - 0% - 50%
PK3 Defense
1 - 0% - 50%
2 - 0% - 50%
44 Forward
1 - 100% - 50% - 0:04
2 - 0% - 50% - 0:00
44 Defense
1 - 100% - 50% - 0:04
2 - 0% - 50% - 0:00
Last Minute Offensive - 0:00
Last Minute Defensive - 1:14
Total
Forward - 60:00
Defense - 60:00
|
Play-by-Play
1st period
0:01 of 1st period - Nathan MacKinnon wins face-off versus Nico Hischier in neutral zone.
0:06 of 1st period - Wrist shot by Artemi Panarin.
0:06 of 1st period - Stopped by Jake Oettinger without a rebound.
0:07 of 1st period - Nathan MacKinnon wins face-off versus Nico Hischier in Washington Capitals zone.
0:14 of 1st period - Snap shot by Mathew Barzal.
0:14 of 1st period - Deflect By John Carlson.
0:14 of 1st period - Stopped by Jake Oettinger without a rebound.
0:15 of 1st period - Brad Marchand wins face-off versus Dylan Strome in Washington Capitals zone.
1:02 of 1st period - Snap shot by Artemi Panarin.
1:02 of 1st period - Deflect By Nathan MacKinnon.
1:02 of 1st period - Stopped by Jake Oettinger without a rebound.
1:03 of 1st period - Mathew Barzal wins face-off versus Yegor Chinakhov in Washington Capitals zone.
1:28 of 1st period - Brendan Smith is hit by Ian Cole.
2:20 of 1st period - John Carlson is hit by Adam Larsson and loses puck.
2:34 of 1st period - Icing by Jamie Oleksiak.
2:35 of 1st period - Mathew Barzal wins face-off versus Michael McLeod in Washington Capitals zone.
3:34 of 1st period - Snap shot by Marcus Foligno.
3:34 of 1st period - Shot Blocked by Mikael Backlund.
4:07 of 1st period - Nick Jensen is hit by Brendan Smith.
4:32 of 1st period - Adam Larsson is hit by Jason Robertson and loses puck.
5:21 of 1st period - Snap shot by Nick Foligno.
5:21 of 1st period - Stopped by Kevin Lankinen without a rebound.
5:22 of 1st period - Dylan Strome wins face-off versus Nico Hischier in New York Rangers zone.
5:35 of 1st period - Wrist shot by Nikolaj Ehlers.
5:35 of 1st period - Deflect By Dylan Strome.
5:35 of 1st period - Stopped by Jake Oettinger with a rebound.
5:37 of 1st period - Wrist shot by Nikolaj Ehlers.
5:37 of 1st period - Shot Blocked by Thomas Harley.
5:49 of 1st period - Jake Walman is hit by Drake Batherson and loses puck.
6:36 of 1st period - Snap shot by Joe Pavelski.
6:36 of 1st period - Shot Misses the Net.
6:38 of 1st period - Slapshot by Jake McCabe.
6:38 of 1st period - Deflect By Joe Pavelski.
6:38 of 1st period - Shot Blocked by Thomas Harley.
6:38 of 1st period - Puck is out of play.
6:39 of 1st period - Nico Hischier wins face-off versus Dylan Strome in Washington Capitals zone.
6:44 of 1st period - Cole Caufield is hit by Nico Hischier and loses puck.
7:17 of 1st period - Snap shot by Joe Pavelski.
7:17 of 1st period - Shot Misses the Net.
7:33 of 1st period - Wrist shot by Jordan Kyrou.
7:33 of 1st period - Stopped by Kevin Lankinen with a rebound.
7:35 of 1st period - Wrist shot by Jordan Kyrou.
7:35 of 1st period - Shot Misses the Net.
7:37 of 1st period - Slapshot by Thomas Harley.
7:37 of 1st period - Shot Blocked by Teuvo Teravainen.
7:41 of 1st period - Wrist shot by Jordan Kyrou.
7:41 of 1st period - Shot Misses the Net.
7:43 of 1st period - Slapshot by Derek Forbort.
7:43 of 1st period - Shot Blocked by Mikael Granlund.
7:55 of 1st period - Wrist shot by Teuvo Teravainen.
7:55 of 1st period - Stopped by Jake Oettinger without a rebound.
7:56 of 1st period - Dylan Strome wins face-off versus Mikael Backlund in Washington Capitals zone.
7:59 of 1st period - Wrist shot by Cole Caufield.
7:59 of 1st period - Stopped by Jake Oettinger without a rebound.
8:00 of 1st period - Brad Marchand wins face-off versus Dylan Strome in Washington Capitals zone.
8:07 of 1st period - Snap shot by Drake Batherson.
8:07 of 1st period - Shot Misses the Net.
8:09 of 1st period - Snap shot by Jamie Oleksiak.
8:09 of 1st period - Stopped by Kevin Lankinen without a rebound.
8:10 of 1st period - Nathan MacKinnon wins face-off versus Alex Ovechkin in New York Rangers zone.
9:16 of 1st period - Nick Jensen is hit by Adam Larsson and loses puck.
9:21 of 1st period - Snap shot by Teuvo Teravainen.
9:21 of 1st period - Deflect By Joe Pavelski.
9:21 of 1st period - Goal by Joe Pavelski - New York Rangers : 1 - Washington Capitals : 0.
9:22 of 1st period - Nico Hischier wins face-off versus Nathan MacKinnon in neutral zone.
9:29 of 1st period - Slapshot by Nico Hischier.
9:29 of 1st period - Deflect By Jason Robertson.
9:29 of 1st period - Shot Blocked by Jake McCabe.
9:29 of 1st period - Puck is out of play.
9:30 of 1st period - Nathan MacKinnon wins face-off versus Nico Hischier in New York Rangers zone.
9:39 of 1st period - Derek Forbort is hit by Nathan MacKinnon.
9:55 of 1st period - Snap shot by Nico Hischier.
9:55 of 1st period - Shot Misses the Net.
10:13 of 1st period - Slapshot by Jason Robertson.
10:13 of 1st period - Shot Misses the Net.
10:15 of 1st period - Minor Penalty to Jake Walman for Holding.
10:16 of 1st period - David Kampf wins face-off versus Jordan Kyrou in New York Rangers zone.
10:22 of 1st period - Icing by Jordan Kyrou.
10:23 of 1st period - Mikael Granlund wins face-off versus Drake Batherson in Washington Capitals zone.
10:34 of 1st period - Wrist shot by Owen Tippett.
10:34 of 1st period - Stopped by Kevin Lankinen without a rebound.
10:35 of 1st period - Nico Hischier wins face-off versus David Kampf in New York Rangers zone.
12:15 of 1st period - Penalty to Jake Walman is over, Jake Walman is back on ice.
12:21 of 1st period - Snap shot by Teuvo Teravainen.
12:21 of 1st period - Shot Misses the Net.
12:29 of 1st period - Jake Walman is hit by Jamie Oleksiak and loses puck.
12:38 of 1st period - Slapshot by Teuvo Teravainen.
12:38 of 1st period - Stopped by Jake Oettinger with a rebound.
13:29 of 1st period - John Carlson is hit by Marcus Foligno and loses puck.
13:42 of 1st period - Derek Forbort is hit by Nikolaj Ehlers and loses puck.
14:15 of 1st period - Snap shot by Brad Marchand.
14:15 of 1st period - Stopped by Kevin Lankinen with a rebound.
14:25 of 1st period - Snap shot by Owen Tippett.
14:25 of 1st period - Stopped by Kevin Lankinen with a rebound.
15:01 of 1st period - Brendan Smith is hit by Michael McLeod and loses puck.
16:08 of 1st period - Jake McCabe is hit by Derek Forbort and loses puck.
16:25 of 1st period - Wrist shot by Yegor Chinakhov.
16:25 of 1st period - Shot Misses the Net.
16:45 of 1st period - Artemi Panarin is hit by Brad Marchand and loses puck.
16:49 of 1st period - Icing by Jake Walman.
16:50 of 1st period - Nathan MacKinnon wins face-off versus Mikael Backlund in New York Rangers zone.
17:22 of 1st period - Wrist shot by Jordan Kyrou.
17:22 of 1st period - Goal by Jordan Kyrou - New York Rangers : 1 - Washington Capitals : 1.
17:23 of 1st period - Mikael Backlund wins face-off versus Mikael Granlund in neutral zone.
17:37 of 1st period - Snap shot by Joe Pavelski.
17:37 of 1st period - Stopped by Jake Oettinger without a rebound.
17:38 of 1st period - Nico Hischier wins face-off versus Dylan Strome in Washington Capitals zone.
17:49 of 1st period - Wrist shot by Alex Ovechkin.
17:49 of 1st period - Stopped by Kevin Lankinen with a rebound.
18:24 of 1st period - Backhand shot by Brad Marchand.
18:24 of 1st period - Stopped by Kevin Lankinen without a rebound.
18:25 of 1st period - Nathan MacKinnon wins face-off versus Nick Foligno in New York Rangers zone.
18:34 of 1st period - Slapshot by Nick Foligno.
18:34 of 1st period - Deflect By Fabian Zetterlund.
18:34 of 1st period - Shot Misses the Net.
18:34 of 1st period - Puck is out of play.
18:35 of 1st period - Dylan Strome wins face-off versus Mikael Backlund in New York Rangers zone.
18:42 of 1st period - Drake Batherson is hit by Dylan Strome and loses puck.
18:47 of 1st period - Snap shot by Cole Caufield.
18:47 of 1st period - Stopped by Jake Oettinger without a rebound.
18:48 of 1st period - Mikael Backlund wins face-off versus Dylan Strome in Washington Capitals zone.
19:09 of 1st period - Minor Penalty to Brad Marchand for Holding.
19:10 of 1st period - Mikael Backlund wins face-off versus Nathan MacKinnon in Washington Capitals zone.
Goals for this period are 1 for New York Rangers vs 1 for Washington Capitals.
Shots for this period are 10 for New York Rangers vs 9 for Washington Capitals.
2nd period
0:01 of 2nd period - Nathan MacKinnon wins face-off versus Michael McLeod in neutral zone.
0:32 of 2nd period - Snap shot by Dylan Strome.
0:32 of 2nd period - Shot Misses the Net.
0:34 of 2nd period - Snap shot by Joe Pavelski.
0:34 of 2nd period - Shot Blocked by Ian Cole.
0:36 of 2nd period - Slapshot by Mikael Granlund.
0:36 of 2nd period - Stopped by Jake Oettinger without a rebound.
0:37 of 2nd period - Mikael Backlund wins face-off versus Nathan MacKinnon in Washington Capitals zone.
1:04 of 2nd period - Minor Penalty to Jake Walman for Holding.
1:05 of 2nd period - Nico Hischier wins face-off versus Nathan MacKinnon in New York Rangers zone.
1:08 of 2nd period - Snap shot by Nico Hischier.
1:08 of 2nd period - Shot Blocked by Artemi Panarin.
1:09 of 2nd period - Penalty to Brad Marchand is over, Brad Marchand is back on ice.
1:49 of 2nd period - Backhand shot by Alex Ovechkin.
1:49 of 2nd period - Shot Blocked by Jake McCabe.
1:51 of 2nd period - Slapshot by Nick Jensen.
1:51 of 2nd period - Goal by Nick Jensen - New York Rangers : 1 - Washington Capitals : 2.
1:52 of 2nd period - Mikael Granlund wins face-off versus Nick Foligno in neutral zone.
1:58 of 2nd period - Off-side.
1:59 of 2nd period - Mikael Granlund wins face-off versus Jordan Kyrou in neutral zone.
2:08 of 2nd period - Wrist shot by Mikael Granlund.
2:08 of 2nd period - Stopped by Jake Oettinger with a rebound.
2:27 of 2nd period - Snap shot by Nick Foligno.
2:27 of 2nd period - Stopped by Kevin Lankinen with a rebound.
2:56 of 2nd period - Snap shot by Joe Pavelski.
2:56 of 2nd period - Shot Misses the Net.
2:58 of 2nd period - Snap shot by Mikael Granlund.
2:58 of 2nd period - Stopped by Jake Oettinger with a rebound.
3:00 of 2nd period - Snap shot by Teuvo Teravainen.
3:00 of 2nd period - Shot Misses the Net.
3:02 of 2nd period - Snap shot by Mikael Granlund.
3:02 of 2nd period - Shot Blocked by Thomas Harley.
3:04 of 2nd period - Slapshot by Mikael Granlund.
3:04 of 2nd period - Stopped by Jake Oettinger without a rebound.
3:05 of 2nd period - Dylan Strome wins face-off versus Nico Hischier in Washington Capitals zone.
3:32 of 2nd period - Artemi Panarin is hit by Drake Batherson and loses puck.
3:41 of 2nd period - Slapshot by Mathew Barzal.
3:41 of 2nd period - Shot Blocked by Ian Cole.
3:43 of 2nd period - Slapshot by Artemi Panarin.
3:43 of 2nd period - Shot Misses the Net.
3:56 of 2nd period - Minor Penalty to Ian Cole for Interference.
3:57 of 2nd period - Mikael Backlund wins face-off versus Nathan MacKinnon in Washington Capitals zone.
4:25 of 2nd period - Dylan Strome is hit by Mikael Backlund.
4:29 of 2nd period - Derek Forbort is hit by Nikolaj Ehlers and loses puck.
4:54 of 2nd period - Thomas Harley is hit by Nikolaj Ehlers and loses puck.
5:56 of 2nd period - Penalty to Ian Cole is over, Ian Cole is back on ice.
5:59 of 2nd period - Snap shot by Brad Marchand.
5:59 of 2nd period - Stopped by Kevin Lankinen without a rebound.
6:00 of 2nd period - David Kampf wins face-off versus Jason Robertson in New York Rangers zone.
6:02 of 2nd period - Minor Penalty to Marcus Foligno for Roughing.
6:03 of 2nd period - Mikael Granlund wins face-off versus Jordan Kyrou in New York Rangers zone.
6:11 of 2nd period - Mikael Granlund is hit by Thomas Harley.
6:15 of 2nd period - Jordan Kyrou is hit by Teuvo Teravainen and loses puck.
6:38 of 2nd period - Snap shot by Nico Hischier.
6:38 of 2nd period - Stopped by Kevin Lankinen with a rebound.
6:40 of 2nd period - Backhand shot by Nico Hischier.
6:40 of 2nd period - Goal by Nico Hischier - New York Rangers : 1 - Washington Capitals : 3.
6:41 of 2nd period - Dylan Strome wins face-off versus Mikael Backlund in neutral zone.
6:45 of 2nd period - Icing by Drake Batherson.
6:46 of 2nd period - Mikael Backlund wins face-off versus Nikolaj Ehlers in Washington Capitals zone.
6:55 of 2nd period - Cole Caufield is hit by Drake Batherson and loses puck.
7:02 of 2nd period - Slapshot by Jake Walman.
7:02 of 2nd period - Stopped by Jake Oettinger without a rebound.
7:03 of 2nd period - Nico Hischier wins face-off versus Nathan MacKinnon in Washington Capitals zone.
7:15 of 2nd period - Minor Penalty to Jason Robertson for Slashing.
7:16 of 2nd period - Michael McLeod wins face-off versus Artemi Panarin in Washington Capitals zone.
7:52 of 2nd period - Snap shot by Nikolaj Ehlers.
7:52 of 2nd period - Stopped by Jake Oettinger with a rebound.
7:54 of 2nd period - Wrist shot by Mathew Barzal.
7:54 of 2nd period - Stopped by Jake Oettinger without a rebound.
7:55 of 2nd period - Nathan MacKinnon wins face-off versus Mikael Backlund in Washington Capitals zone.
7:58 of 2nd period - Snap shot by Artemi Panarin.
7:58 of 2nd period - Stopped by Jake Oettinger with a rebound.
8:00 of 2nd period - Slapshot by Mikael Granlund.
8:00 of 2nd period - Stopped by Jake Oettinger without a rebound.
8:01 of 2nd period - Nathan MacKinnon wins face-off versus Mikael Backlund in Washington Capitals zone.
8:50 of 2nd period - Snap shot by Mikael Backlund.
8:50 of 2nd period - Stopped by Kevin Lankinen without a rebound.
8:51 of 2nd period - Mikael Backlund wins face-off versus Artemi Panarin in New York Rangers zone.
9:15 of 2nd period - Penalty to Jason Robertson is over, Jason Robertson is back on ice.
9:42 of 2nd period - Yegor Chinakhov is hit by Nikolaj Ehlers and loses puck.
9:54 of 2nd period - Off-side.
9:55 of 2nd period - David Kampf wins face-off versus Mikael Backlund in neutral zone.
9:58 of 2nd period - Wrist shot by Marcus Foligno.
9:58 of 2nd period - Stopped by Jake Oettinger without a rebound.
9:59 of 2nd period - Mikael Backlund wins face-off versus David Kampf in Washington Capitals zone.
9:59 of 2nd period - Mikael Backlund is hit by Matthew Benning.
11:43 of 2nd period - Backhand shot by Yegor Chinakhov.
11:43 of 2nd period - Goal by Yegor Chinakhov - New York Rangers : 1 - Washington Capitals : 4.
11:44 of 2nd period - Nico Hischier wins face-off versus Nathan MacKinnon in neutral zone.
12:39 of 2nd period - Backhand shot by Conor Garland.
12:39 of 2nd period - Shot Misses the Net.
12:41 of 2nd period - Slapshot by Cam Fowler.
12:41 of 2nd period - Stopped by Jake Oettinger with a rebound.
12:43 of 2nd period - Snap shot by Conor Garland.
12:43 of 2nd period - Goal by Conor Garland - New York Rangers : 2 - Washington Capitals : 4.
12:44 of 2nd period - Nathan MacKinnon wins face-off versus Nico Hischier in neutral zone.
12:55 of 2nd period - Wrist shot by Alex Ovechkin.
12:55 of 2nd period - Shot Blocked by Jake McCabe.
13:34 of 2nd period - Snap shot by Nick Foligno.
13:34 of 2nd period - Shot Misses the Net.
13:36 of 2nd period - Wrist shot by Nick Foligno.
13:36 of 2nd period - Stopped by Kevin Lankinen with a rebound.
13:38 of 2nd period - Slapshot by Thomas Harley.
13:38 of 2nd period - Shot Blocked by Cam Fowler.
13:40 of 2nd period - Slapshot by Thomas Harley.
13:40 of 2nd period - Shot Blocked by Cam Fowler.
13:42 of 2nd period - Slapshot by Thomas Harley.
13:42 of 2nd period - Shot Misses the Net.
13:44 of 2nd period - Snap shot by Fabian Zetterlund.
13:44 of 2nd period - Stopped by Kevin Lankinen with a rebound.
14:40 of 2nd period - Wrist shot by David Kampf.
14:40 of 2nd period - Stopped by Jake Oettinger without a rebound.
14:41 of 2nd period - Nathan MacKinnon wins face-off versus Nico Hischier in Washington Capitals zone.
15:13 of 2nd period - Backhand shot by Jordan Kyrou.
15:13 of 2nd period - Stopped by Kevin Lankinen with a rebound.
15:15 of 2nd period - Snap shot by Jordan Kyrou.
15:15 of 2nd period - Stopped by Kevin Lankinen without a rebound.
15:16 of 2nd period - Dylan Strome wins face-off versus Mikael Backlund in New York Rangers zone.
15:16 of 2nd period - Dylan Strome is hit by Drake Batherson.
16:31 of 2nd period - Snap shot by Michael McLeod.
16:31 of 2nd period - Shot Blocked by Jake Walman.
16:33 of 2nd period - Slapshot by Derek Forbort.
16:33 of 2nd period - Shot Blocked by Jake Walman.
16:35 of 2nd period - Slapshot by Thomas Harley.
16:35 of 2nd period - Deflect By Jake McCabe.
16:35 of 2nd period - Stopped by Kevin Lankinen with a rebound.
16:37 of 2nd period - Slapshot by Derek Forbort.
16:37 of 2nd period - Shot Blocked by Marcus Foligno.
16:53 of 2nd period - Snap shot by Dylan Strome.
16:53 of 2nd period - Stopped by Jake Oettinger without a rebound.
16:54 of 2nd period - Nico Hischier wins face-off versus Dylan Strome in Washington Capitals zone.
16:59 of 2nd period - Dylan Strome is hit by Jason Robertson and loses puck.
17:20 of 2nd period - Slapshot by Cole Caufield.
17:20 of 2nd period - Shot Misses the Net.
17:49 of 2nd period - Wrist shot by Fabian Zetterlund.
17:49 of 2nd period - Shot Misses the Net.
18:09 of 2nd period - Slapshot by Teuvo Teravainen.
18:09 of 2nd period - Shot Blocked by Ian Cole.
18:20 of 2nd period - Off-side.
18:21 of 2nd period - David Kampf wins face-off versus Nico Hischier in neutral zone.
18:30 of 2nd period - Snap shot by Alex Ovechkin.
18:30 of 2nd period - Stopped by Kevin Lankinen with a rebound.
18:51 of 2nd period - Thomas Harley is hit by Nathan MacKinnon.
18:57 of 2nd period - Thomas Harley is hit by Mathew Barzal and loses puck.
19:12 of 2nd period - Snap shot by Jordan Kyrou.
19:12 of 2nd period - Shot Misses the Net.
19:30 of 2nd period - Snap shot by Owen Tippett.
19:30 of 2nd period - Shot Misses the Net.
Goals for this period are 1 for New York Rangers vs 3 for Washington Capitals.
Shots for this period are 14 for New York Rangers vs 13 for Washington Capitals.
3rd period
0:01 of 3rd period - Nathan MacKinnon wins face-off versus Alex Ovechkin in neutral zone.
0:04 of 3rd period - Alex Ovechkin is hit by Artemi Panarin and loses puck.
0:54 of 3rd period - Fabian Zetterlund is hit by Jake McCabe and loses puck.
2:01 of 3rd period - Wrist shot by Alex Ovechkin.
2:01 of 3rd period - Stopped by Kevin Lankinen with a rebound.
2:03 of 3rd period - Wrist shot by Alex Ovechkin.
2:03 of 3rd period - Stopped by Kevin Lankinen with a rebound.
2:05 of 3rd period - Wrist shot by Alex Ovechkin.
2:05 of 3rd period - Shot Misses the Net.
2:07 of 3rd period - Wrist shot by Jason Robertson.
2:07 of 3rd period - Shot Misses the Net.
2:21 of 3rd period - Snap shot by Nico Hischier.
2:21 of 3rd period - Shot Misses the Net.
2:23 of 3rd period - Slapshot by Jamie Oleksiak.
2:23 of 3rd period - Stopped by Kevin Lankinen without a rebound.
2:24 of 3rd period - Mikael Backlund wins face-off versus Mathew Barzal in New York Rangers zone.
3:15 of 3rd period - Slapshot by John Carlson.
3:15 of 3rd period - Deflect By Owen Tippett.
3:15 of 3rd period - Shot Misses the Net.
3:15 of 3rd period - Puck is out of play.
3:16 of 3rd period - Dylan Strome wins face-off versus Owen Tippett in New York Rangers zone.
3:23 of 3rd period - Backhand shot by Cole Caufield.
3:23 of 3rd period - Stopped by Jake Oettinger without a rebound.
3:24 of 3rd period - Mikael Backlund wins face-off versus Nathan MacKinnon in Washington Capitals zone.
3:59 of 3rd period - Snap shot by Teuvo Teravainen.
3:59 of 3rd period - Shot Misses the Net.
4:01 of 3rd period - Wrist shot by Joe Pavelski.
4:01 of 3rd period - Stopped by Jake Oettinger without a rebound.
4:02 of 3rd period - Nick Foligno wins face-off versus Nathan MacKinnon in Washington Capitals zone.
4:02 of 3rd period - Nick Foligno is hit by Mathew Barzal.
5:39 of 3rd period - Snap shot by Artemi Panarin.
5:39 of 3rd period - Stopped by Jake Oettinger without a rebound.
5:40 of 3rd period - Mikael Backlund wins face-off versus Nathan MacKinnon in Washington Capitals zone.
5:57 of 3rd period - Snap shot by Nathan MacKinnon.
5:57 of 3rd period - Stopped by Jake Oettinger without a rebound.
5:58 of 3rd period - Nico Hischier wins face-off versus Dylan Strome in Washington Capitals zone.
6:07 of 3rd period - Snap shot by Cole Caufield.
6:07 of 3rd period - Shot Misses the Net.
6:09 of 3rd period - Slapshot by Cole Caufield.
6:09 of 3rd period - Stopped by Jake Oettinger with a rebound.
6:11 of 3rd period - Slapshot by Jake Walman.
6:11 of 3rd period - Stopped by Jake Oettinger without a rebound.
6:12 of 3rd period - Nathan MacKinnon wins face-off versus Mikael Backlund in Washington Capitals zone.
6:32 of 3rd period - Minor Penalty to Brad Marchand for Slashing.
6:33 of 3rd period - Michael McLeod wins face-off versus Cole Caufield in Washington Capitals zone.
6:52 of 3rd period - Jamie Oleksiak is hit by Cole Caufield and loses puck.
8:06 of 3rd period - Cam Fowler is hit by Nico Hischier and loses puck.
8:32 of 3rd period - Penalty to Brad Marchand is over, Brad Marchand is back on ice.
8:37 of 3rd period - Wrist shot by Mikael Backlund.
8:37 of 3rd period - Shot Misses the Net.
8:39 of 3rd period - Slapshot by Derek Forbort.
8:39 of 3rd period - Deflect By Brad Marchand.
8:39 of 3rd period - Shot Blocked by Brendan Smith.
8:39 of 3rd period - Puck is out of play.
8:40 of 3rd period - Nico Hischier wins face-off versus Conor Garland in New York Rangers zone.
8:51 of 3rd period - Snap shot by Nico Hischier.
8:51 of 3rd period - Stopped by Kevin Lankinen without a rebound.
8:52 of 3rd period - Nico Hischier wins face-off versus David Kampf in New York Rangers zone.
8:57 of 3rd period - Snap shot by Alex Ovechkin.
8:57 of 3rd period - Shot Misses the Net.
9:19 of 3rd period - Jake Walman is hit by Brad Marchand and loses puck.
9:26 of 3rd period - Snap shot by Drake Batherson.
9:26 of 3rd period - Shot Misses the Net.
9:40 of 3rd period - Wrist shot by Owen Tippett.
9:40 of 3rd period - Stopped by Kevin Lankinen without a rebound.
9:41 of 3rd period - Michael McLeod wins face-off versus Nathan MacKinnon in New York Rangers zone.
10:43 of 3rd period - Jamie Oleksiak is hit by Cole Caufield and loses puck.
10:54 of 3rd period - Brad Marchand is hit by Matthew Benning and loses puck.
10:59 of 3rd period - Wrist shot by Mikael Granlund.
10:59 of 3rd period - Goal by Mikael Granlund - New York Rangers : 3 - Washington Capitals : 4.
11:00 of 3rd period - Nathan MacKinnon wins face-off versus Mikael Backlund in neutral zone.
11:10 of 3rd period - Snap shot by Nathan MacKinnon.
11:10 of 3rd period - Shot Hit the Post.
11:12 of 3rd period - Snap shot by Nathan MacKinnon.
11:12 of 3rd period - Shot Misses the Net.
11:14 of 3rd period - Slapshot by Cam Fowler.
11:14 of 3rd period - Stopped by Jake Oettinger without a rebound.
11:15 of 3rd period - Nico Hischier wins face-off versus Mikael Granlund in Washington Capitals zone.
11:42 of 3rd period - Mikael Backlund is hit by Artemi Panarin and loses puck.
11:51 of 3rd period - Slapshot by Artemi Panarin.
11:51 of 3rd period - Shot Misses the Net.
11:53 of 3rd period - Wrist shot by Mathew Barzal.
11:53 of 3rd period - Stopped by Jake Oettinger without a rebound.
11:54 of 3rd period - Dylan Strome wins face-off versus Nico Hischier in Washington Capitals zone.
12:19 of 3rd period - Jamie Oleksiak is hit by Jake Walman and loses puck.
12:48 of 3rd period - Icing by Nathan MacKinnon.
12:49 of 3rd period - Nathan MacKinnon wins face-off versus Mikael Backlund in New York Rangers zone.
13:25 of 3rd period - Wrist shot by Jordan Kyrou.
13:25 of 3rd period - Stopped by Kevin Lankinen with a rebound.
13:27 of 3rd period - Snap shot by Fabian Zetterlund.
13:27 of 3rd period - Stopped by Kevin Lankinen without a rebound.
13:28 of 3rd period - Drake Batherson wins face-off versus Dylan Strome in New York Rangers zone.
13:29 of 3rd period - Wrist shot by Brad Marchand.
13:29 of 3rd period - Stopped by Kevin Lankinen with a rebound.
13:33 of 3rd period - Wrist shot by Brad Marchand.
13:33 of 3rd period - Stopped by Kevin Lankinen with a rebound.
13:35 of 3rd period - Backhand shot by Ian Cole.
13:35 of 3rd period - Shot Misses the Net.
13:37 of 3rd period - Slapshot by Nick Jensen.
13:37 of 3rd period - Stopped by Kevin Lankinen with a rebound.
13:39 of 3rd period - Snap shot by Drake Batherson.
13:39 of 3rd period - Stopped by Kevin Lankinen without a rebound.
13:40 of 3rd period - Dylan Strome wins face-off versus Mikael Backlund in New York Rangers zone.
13:40 of 3rd period - Dylan Strome is hit by Brad Marchand.
14:40 of 3rd period - Wrist shot by Mikael Granlund.
14:40 of 3rd period - Stopped by Jake Oettinger without a rebound.
14:41 of 3rd period - Joe Pavelski wins face-off versus Mikael Backlund in Washington Capitals zone.
14:42 of 3rd period - Wrist shot by Mikael Granlund.
14:42 of 3rd period - Stopped by Jake Oettinger with a rebound.
14:48 of 3rd period - Slapshot by Joe Pavelski.
14:48 of 3rd period - Stopped by Jake Oettinger without a rebound.
14:49 of 3rd period - Mikael Granlund wins face-off versus Drake Batherson in Washington Capitals zone.
14:54 of 3rd period - Snap shot by Teuvo Teravainen.
14:54 of 3rd period - Stopped by Jake Oettinger without a rebound.
14:55 of 3rd period - Nathan MacKinnon wins face-off versus Nick Foligno in Washington Capitals zone.
16:12 of 3rd period - Minor Penalty to Dylan Strome for Delaying the game.
16:13 of 3rd period - Mikael Granlund wins face-off versus Nico Hischier in New York Rangers zone.
16:27 of 3rd period - Snap shot by Nico Hischier.
16:27 of 3rd period - Stopped by Kevin Lankinen with a rebound.
16:29 of 3rd period - Wrist shot by Nico Hischier.
16:29 of 3rd period - Shot Blocked by Adam Larsson.
16:51 of 3rd period - Adam Larsson is hit by Owen Tippett.
18:12 of 3rd period - Penalty to Dylan Strome is over, Dylan Strome is back on ice.
18:48 of 3rd period - New York Rangers, Kevin Lankinen is pulled from the net.
18:48 of 3rd period - Slapshot by Brendan Smith.
18:48 of 3rd period - Stopped by Jake Oettinger with a rebound.
19:13 of 3rd period - Derek Forbort is hit by Artemi Panarin and loses puck.
Goals for this period are 1 for New York Rangers vs 0 for Washington Capitals.
Shots for this period are 14 for New York Rangers vs 12 for Washington Capitals.
Back to the Top